 Dungeon Crawl Stone Soup version 0.25-a0-479-g8579842fd4 (webtiles) character file.

Game seed: 6283657993942645549, levelgen mode: deterministic

242 kae the Gusty (level 5, -4/38 HPs)
             Began as a Draconian Air Elementalist on Feb 9, 2020.
             Was an Initiate of Vehumet.
             Slain by Duvessa
             ... wielding a +0 short sword
              (9 damage)
             ... on level 4 of the Dungeon.
             The game lasted 00:04:44 (4305 turns).

kae the Gusty (Draconian Air Elementalist)          Turns: 4305, Time: 00:04:44

Health: -4/38      AC:  6    Str:  9 (10) XL:     5   Next: 82%
Magic:  9/9        EV: 12    Int: 13 (16) God:    Vehumet [......]
Gold:   150        SH:  0    Dex: 15 (17) Spells: 4/10 levels left

rFire    . . .     SeeInvis .   l - +4 falchion (vorpal)
rCold    . . .     Gourm    .   (no shield)
rNeg     . . .     Faith    .   (armour unavailable)
rPois    .         Spirit   .   (helmet restricted)
rElec    .         Reflect  .   (no cloak)
rCorr    +         Harm     .   e - +0 pair of gloves
MR       .....                  (no boots)
Stlth    +.........             (no amulet)
HPRegen  0.12/turn              d - +5 ring of dexterity
MPRegen  0.11/turn              h - ring of resist corrosion

@: glowing
A: unfitting armour, cold-blooded, AC +5
a: Renounce Religion


You were on level 4 of the Dungeon.
You worshipped Vehumet.
Vehumet was noncommittal.
You were hungry.

You visited 2 branches of the dungeon, and saw 5 of its levels.

You collected 150 gold pieces.

Inventory:

Hand Weapons
 a - a +0 hand axe
 l - a +4 vorpal falchion (weapon)
Armour
 e - a +0 pair of gloves (worn)
Jewellery
 d - a +5 ring of dexterity (left hand)
 h - a ring of resist corrosion (right hand)
Wands
 m - a wand of random effects (9)
Potions
 c - a potion of resistance
 g - 4 potions of flight
 k - a potion of degeneration
 p - a potion of ambrosia
Comestibles
 b - 5 rations
 f - 4 chunks of flesh


   Skills:
 - Level 1.7 Dodging
 - Level 1.7 Stealth
 + Level 3.2 Spellcasting
 + Level 3.0 Conjurations
 * Level 5.1 Air Magic


You had 4 spell levels left.
You knew the following spells:

 Your Spells              Type           Power        Failure   Level  Hunger
a - Shock                 Conj/Air       ##..         4%          1    #......
b - Static Discharge      Conj/Air       ##......     13%         3    ###....
c - Swiftness             Chrm/Air       #.......     12%         2    ##.....

Your spell library contained the following spells:

 Spells                   Type           Power        Failure   Level  Hunger
 Airstrike                Air            ###.......   26%         4    #####..
 Lightning Bolt           Conj/Air       ##........   75%         5    ######.


Dungeon Overview and Level Annotations

Branches:
Dungeon (4/15)             Temple (1/1) D:4

Altars:
Ashenzari
Elyvilon
Fedhas
Gozag
Hepliaklqana
Kikubaaqudgha
Makhleb
Nemelex Xobeh
Qazlal
Ru
Sif Muna
Trog
Uskayaw
Vehumet
Xom
Yredelemnul
Zin
The Shining One

Annotations:
D:3 3 runed translucent doors, tilp's ghost, amateur TeAE
D:4 Dowan; Duvessa


Innate Abilities, Weirdness & Mutations

Your plain brown scales are hard. (AC +5)
You cannot fit into any form of body armour.
You are cold-blooded and may be slowed by cold attacks.


Message History

The orc priest hits you but does no damage.
You bump into the stone wall.
Duvessa closely misses you.
You barely miss Duvessa.
Duvessa is moderately wounded.
You feel less invigorated.
You feel less confused. Duvessa hits you but does no damage.
The orc priest hits you but does no damage.
Duvessa barely misses you. Dowan hits you but does no damage.
The orc priest closely misses you. Duvessa closely misses you.
Dowan mumbles some strange words.
Dowan blinks!
The orc priest mumbles some strange prayers to Beogh against you.
Beogh smites you!
* * * LOW HITPOINT WARNING * * *
Duvessa hits you with a +0 short sword.
* * * LOW HITPOINT WARNING * * *
Duvessa hits you with a +0 short sword!
You die...

#####.###........ ###
.......<........# ..
#####.#.#.#.....# .####
...........#.# #e.....#.
###.###.#....###....##.#.
#####...#...#$..#......
........#.)...# .....
#..#####)>.#####....
#.@..#.....#..o....
##.e#o..#...#.o....
##....###.........
##..#.#[#..##....
##...#....##....
#...#....###..#
#.#...##.# #..#
#.##.###.. #..# #.####
##. #..#


You could see Duvessa and an orc priest.

Vanquished Creatures
  A big kobold (D:4)
  An orc wizard (Temple)
  2 hound skeletons
  Robin (D:3)
  3 adders
  2 worms (D:2)
  3 dart slugs
  2 leopard geckos
  3 orcs
  6 bats
  A giant cockroach (D:1)
  15 goblins
  6 hobgoblins
  A quokka (D:2)
  5 frilled lizards
  8 kobolds
  A leopard gecko skeleton (D:3)
  A leopard gecko zombie (D:3)
  5 rats
67 creatures vanquished.

Notes
Turn   | Place    | Note
-------+----------+-------------------------------------------
     0 | D:1      | kae the Draconian Air Elementalist began the quest for the
                  | Orb.
     0 | D:1      | Reached XP level 1. HP: 14/14 MP: 3/3
   541 | D:1      | Reached XP level 2. HP: 18/20 MP: 5/5
   546 | D:1      | Learned a level 2 spell: Swiftness
  1779 | D:2      | Reached XP level 3. HP: 18/26 MP: 3/6
  1879 | D:2      | Found a sacrificial altar of Ru.
  2647 | D:3      | Noticed tilp's ghost (amateur TeAE)
  2657 | D:3      | Found a runed translucent gate.
  2657 | D:3      | Found a runed translucent gate.
  2657 | D:3      | Found a runed translucent gate.
  2712 | D:3      | Reached skill level 4 in Air Magic
  2821 | D:3      | Reached XP level 4. HP: 24/33 MP: 7/7
  2920 | D:3      | Noticed Robin
  2940 | D:3      | Killed Robin
  3018 | D:3      | Found a white marble altar of Elyvilon.
  3092 | D:3      | Found a shimmering altar of Xom.
  3400 | D:4      | Noticed Dowan
  3401 | D:4      | Noticed Duvessa
  3402 | D:4      | Found a staircase to the Ecumenical Temple.
  3629 | D:4      | Learned a level 3 spell: Static Discharge
  3705 | D:4      | Noticed a big kobold
  3709 | D:4      | Killed a big kobold
  3709 | D:4      | Reached XP level 5. HP: 33/38 MP: 4/9
  3803 | Temple   | Entered the Ecumenical Temple
  3886 | Temple   | Became a worshipper of Vehumet
  4114 | D:4      | Reached skill level 5 in Air Magic
  4305 | D:4      | Slain by Duvessa

Levels and vault maps discovered:
D:1:      dpeg_arrival_shrine, layout_loops_corners
D:2:      layout_loops_corners, marbit_many_paths
D:3:      layout_basic, nicolae_overflow_hidden_temple, serial_undead,
          serial_undead_e, serial_undead_f, serial_undead_b, serial_undead_e,
          gammafunk_ghost_split, elyvilon_altar_5, uniq_robin
D:4:      layout_basic, minmay_temple_entry_arrows, uniq_duvessa
Temple:   compressed_dpeg_circular_temple

Skill      XL: |  1  2  3  4  5 |
---------------+----------------+-----
Conjurations   | 2 3 |  3.0
Air Magic      | 4 5 |  5.1
Spellcasting   | 3 |  3.2
Dodging        | |  1.7
Stealth        | |  1.7

Action                   |  1- 3 |  4- 6 || total
-------------------------+-------+-------++-------
Melee: Unarmed           |    15 |       ||    15
       Hand axe          |    71 |    33 ||   104
       Tailslap          |    12 |     4 ||    16
       Falchion          |       |     8 ||     8
 Cast: Shock             |    50 |    30 ||    80
       Static Discharge  |       |     1 ||     1
  Use: Scroll            |     2 |     2 ||     4
       Potion            |       |     6 ||     6
 Stab: Sleeping          |     3 |     1 ||     4
  Eat: Chunk             |     6 |     5 ||    11
Armor: Skin              |    33 |    39 ||    72
Dodge: Dodged            |    59 |    75 ||   134
       Rpst.: Falchion   |       |     4 ||     4

Table legend:
 A = Non-vault XP
 B = Vault XP
 C = Vault XP percentage of total XP
 D = Non-vault monster count
 E = Vault monster count
 F = Vault count percentage of total count
                 A         B        C        D         E       F
            +---------+---------+-------+---------+---------+-------
      Total |     287 |      60 |  17.3 |      51 |      16 |  23.9
            +---------+---------+-------+---------+---------+-------
        D:1 |      34 |       0 |   0.0 |      19 |       0 |   0.0
        D:2 |      34 |       5 |  12.8 |      11 |       1 |   8.3
        D:3 |      38 |      55 |  59.1 |      14 |      15 |  51.7
        D:4 |     135 |       0 |   0.0 |       4 |       0 |   0.0
     Temple |      46 |       0 |   0.0 |       3 |       0 |   0.0
            +---------+---------+-------+---------+---------+-------
